[Event "Titled Tuesday Blitz October 18 Late 2022"]
[White "Noboa Silva, Kevin"]
[Black "Martin Carmona, Gaston Manuel"]
[WhiteFideId "3618471"]
[BlackFideId "22284567"]
[WhiteElo "2178"]
[BlackElo "2235"]
[Result "1-0"]
[Round "08"]
[TimeControl "180+1"]
[Date "2022.10.19"]
[WhiteClock "0:00:24"]
[BlackClock "0:00:11"]

1. d4 Nf6 2. c4 g6 3. Nc3 Bg7 4. e4 d6 5. h3 O-O 6. Bg5 Nbd7 7. Bd3 e5 8. d5 Nc5 9. Bc2 a5 10. Nge2 h6 11. Be3 Nfd7 12. Qd2 Kh7 13. g4 Qh4 14. Ng3 b6 15. O-O-O Ba6 16. Qe2 Rab8 17. Kb1 Bf6 18. Rhg1 Bg5 19. Bxg5 hxg5 20. Nf1 Kg7 21. Rg3 f6 22. Nd2 Qh7 23. Nf3 Rh8 24. Rh1 Kf7 25. b3 Qg7 26. Kb2 Rh6 27. h4 gxh4 28. Rxh4 Rxh4 29. Nxh4 Rh8 30. Ng2 Rh1 31. Ne3 Qh6 32. a3 a4 33. b4 Nb3 34. Bxb3 axb3 35. Kxb3 Qh4 36. Qf3 Rh2 37. Rg2 Rh3 38. Rg3 Rxg3 39. Qxg3 Qh1 40. g5 Qe1 41. Qh3 Ke7 42. gxf6+ Kd8 43. Qh8+ 1-0


[Site "https://www.chess.com"]

[Event "Titled Tuesday Blitz October 18 Late 2022"]
[White "Osmak, Yuliia"]
[Black "Hajiyev, Kanan"]
[WhiteFideId "14101602"]
[BlackFideId "13404148"]
[WhiteElo "2619"]
[BlackElo "2489"]
[Result "1-0"]
[Round "08"]
[TimeControl "180+1"]
[Date "2022.10.19"]
[WhiteClock "0:00:06"]
[BlackClock "0:00:10"]

1. d4 d5 2. c4 c6 3. Nf3 Nf6 4. Nc3 g6 5. e3 Bg7 6. Be2 O-O 7. O-O Bg4 8. b3 Ne4 9. Bb2 Nxc3 10. Bxc3 Nd7 11. cxd5 cxd5 12. Rc1 Rc8 13. h3 Bxf3 14. Bxf3 e6 15. Qd2 Re8 16. Bb2 Qb6 17. Be2 Bf8 18. Qd3 a6 19. Rc3 Bb4 20. Rc2 Rc6 21. Rxc6 Qxc6 22. Rc1 Qd6 23. Qc2 Nb6 24. Qc7 Qxc7 25. Rxc7 Rb8 26. Kf1 Bd6 27. Rc2 Kf8 28. Bd3 h5 29. Ke2 Ke7 30. g4 hxg4 31. hxg4 Rh8 32. a4 Rc8 33. Rxc8 Nxc8 34. Bc3 Kd7 35. f4 Kc6 36. Kf3 Be7 37. e4 Nb6 38. e5 Bh4 39. f5 gxf5 40. gxf5 exf5 41. Bxf5 Nd7 42. Bg4 Nf8 43. Bh5 Ng6 44. e6 Be7 45. exf7 Nf8 46. Kg4 b6 47. Kf5 a5 48. Bd2 Kd6 49. Bf4+ Kd7 50. Bf3 Kc6 51. Be2 Kd7 52. Bb5+ Kd8 53. Bc6 Bh4 54. Bxd5 Ke7 55. Bc7 Bf2 56. Bxb6 Nd7 57. Bxa5 Bxd4 58. Bb4+ Kd8 59. f8=Q+ Nxf8 60. Bxf8 Kc7 61. Ke4 Bc3 62. Kd3 Be1 63. Kc4 Kb6 64. b4 Ka6 65. Bc5 Bg3 66. a5 Bc7 67. Bb6 Bxb6 68. axb6 Kxb6 69. b5 Kc7 70. Kc5 Kb8 71. b6 Kc8 72. Bb3 Kb8 73. Kc6 Kc8 74. b7+ Kb8 75. Ba2 Ka7 76. Kc7 Ka6 77. b8=Q Ka5 78. Qb3 Ka6 79. Qb6# 1-0


[Site "https://www.chess.com"]

[Event "Titled Tuesday Blitz October 18 Late 2022"]
[White "Ozdemir, Serhan Berat"]
[Black "Jean Louis, Marckens"]
[WhiteFideId "6374611"]
[BlackFideId "11900270"]
[WhiteElo "2016"]
[BlackElo "2030"]
[Result "1-0"]
[Round "08"]
[TimeControl "180+1"]
[Date "2022.10.19"]
[WhiteClock "0:00:06"]
[BlackClock "0:00:10"]

1. e4 e6 2. d4 d5 3. Nd2 dxe4 4. Nxe4 Nf6 5. Bd3 Be7 6. Nf3 O-O 7. O-O b6 8. Nxf6+ Bxf6 9. Be4 c6 10. Ne5 Bb7 11. Be3 Qc7 12. f4 Nd7 13. Qf3 Rac8 14. Rad1 Be7 15. Nxd7 Qxd7 16. f5 Bf6 17. Qh5 h6 18. fxe6 Qxe6 19. Qf5 Qxf5 20. Bxf5 Rce8 21. Bf4 g5 22. Bg3 Kg7 23. c3 h5 24. Rfe1 h4 25. Bd6 Rxe1+ 26. Rxe1 Rd8 27. Be7 Rd5 28. Bxf6+ Kxf6 29. Be4 Ra5 30. a3 Kg7 31. h3 f5 32. Bf3 Kf6 33. Re8 Ba6 34. Bxc6 g4 35. Rf8+ Kg5 36. hxg4 fxg4 37. Bd7 Be2 38. Rg8+ Kf4 39. Kf2 Bd1 40. Rf8+ Kg5 41. Rg8+ Kf4 42. Rf8+ Ke4 43. Rh8 g3+ 44. Ke1 Bb3 45. Rxh4+ Kd3 46. Bf5+ Ke3 47. Re4+ Kd3 48. Re5+ Kc4 49. Rxa5 bxa5 50. Be6+ Kd3 51. Bxb3 a4 52. Bxa4 1-0


[Site "https://www.chess.com"]

[Event "Titled Tuesday Blitz October 18 Late 2022"]
[White "Ozen, Batuhan"]
[Black "Machidon, Cristi"]
[WhiteFideId "6345123"]
[BlackFideId "13904590"]
[WhiteElo "2407"]
[BlackElo "2312"]
[Result "0-1"]
[Round "08"]
[TimeControl "180+1"]
[Date "2022.10.19"]
[WhiteClock "0:00:01"]
[BlackClock "0:00:05"]

1. d4 f5 2. g4 fxg4 3. e4 c5 4. Ne2 cxd4 5. Nxd4 Nf6 6. Nc3 Nc6 7. Bc4 Qa5 8. Bd2 Qe5 9. Be3 Nxe4 10. Nd5 Nf6 11. Nxf6+ gxf6 12. Nxc6 dxc6 13. Qe2 Be6 14. O-O-O Kf7 15. Rd7 b5 16. Bb3 Bh6 17. Re1 Bxb3 18. Bxh6 Qxe2 19. Rxe2 Be6 20. Rd4 Bd5 21. Rxg4 Rhg8 22. Rxg8 Rxg8 23. Kd2 Rg2 24. Bf4 e5 25. Bg3 h5 26. h4 Kg6 27. Re1 Kf5 28. Ke2 a5 29. Kf1 Kg4 30. Rd1 Rxg3 31. fxg3 Kxg3 32. b3 f5 33. Kg1 f4 34. Re1 e4 35. c4 f3 36. Re3 Kf4 37. cxd5 Kxe3 38. dxc6 Ke2 39. c7 f2+ 40. Kh2 f1=Q 41. c8=Q Qf4+ 42. Kg2 Qf3+ 43. Kg1 Qg3+ 44. Kh1 b4 45. Qc2+ Kf3 46. Qd1+ Kf4 47. Qd6+ Kg4 48. Qe6+ Kxh4 49. Qf6+ Kh3 50. Qf5+ Qg4 51. Qf1+ Kg3 52. Qe1+ Kf4 53. Qd2+ e3 54. Qd6+ Kf3 55. Qd5+ Kf2 56. Qf7+ Qf3+ 57. Kh2 Qxf7 58. a4 Qf4+ 59. Kh3 Qg3# 0-1


[Site "https://www.chess.com"]

[Event "Titled Tuesday Blitz October 18 Late 2022"]
[White "P., Komal Kishore"]
[Black "Mohammadian, Mohammad"]
[WhiteFideId "5016703"]
[BlackFideId "12566055"]
[WhiteElo "2093"]
[BlackElo "1489"]
[Result "1-0"]
[Round "08"]
[TimeControl "180+1"]
[Date "2022.10.19"]
[WhiteClock "0:01:30"]
[BlackClock "0:01:04"]

1. e4 e5 2. Nf3 Nc6 3. Bb5 a6 4. Ba4 Nf6 5. d3 b5 6. Bb3 d6 7. O-O Be7 8. h3 O-O 9. c3 h6 10. Re1 Re8 11. d4 exd4 12. cxd4 Bf8 13. Nbd2 Bb7 14. a3 Na5 15. Bc2 Nc4 16. Nxc4 bxc4 17. e5 dxe5 18. dxe5 Qxd1 19. Rxd1 Ne4 20. Rd7 Bc5 21. Rxc7 Bxf2+ 22. Kf1 Rab8 23. Rxb7 Rxb7 24. Bxe4 Rc7 25. Kxf2 f6 26. e6 Kh8 27. Bf4 Rxe6 28. Bxc7 Rxe4 29. Re1 Rxe1 30. Kxe1 1-0


[Site "https://www.chess.com"]

[Event "Titled Tuesday Blitz October 18 Late 2022"]
[White "Pap, Gyula"]
[Black "Radovic, Janko"]
[WhiteFideId "725323"]
[BlackFideId "911518"]
[WhiteElo "2519"]
[BlackElo "2318"]
[Result "1-0"]
[Round "08"]
[TimeControl "180+1"]
[Date "2022.10.18"]
[WhiteClock "0:01:27"]
[BlackClock "0:00:10"]

1. g3 d5 2. Nf3 Nf6 3. Bg2 e6 4. O-O Be7 5. b3 O-O 6. Bb2 c5 7. c4 Nc6 8. cxd5 exd5 9. d4 Bf5 10. Nc3 Ne4 11. dxc5 Bxc5 12. Nxd5 Re8 13. e3 Bg4 14. h3 Bh5 15. Nf4 Bg6 16. Nxg6 hxg6 17. Qxd8 Raxd8 18. Rfd1 Nb4 19. Ne5 Nd6 20. a3 Nc2 21. Rac1 Nxe3 22. fxe3 Bxe3+ 23. Kh2 Bxc1 24. Rxc1 Nf5 25. Bc3 Rc8 26. Bxb7 Rc7 27. Bc6 Re6 28. b4 Rexc6 29. Nxc6 Rxc6 30. Bb2 Re6 31. Rc2 Ne3 32. Rc8+ Kh7 33. Bd4 Nf5 34. Bxa7 Re2+ 35. Kg1 Nxg3 36. b5 f5 37. b6 Rb2 38. Rc7 f4 39. b7 f3 40. Bf2 Rb1+ 41. Be1 Rxe1+ 42. Kf2 Rb1 43. Kxg3 Rb3 44. a4 g5 45. a5 1-0


[Site "https://www.chess.com"]

[Event "Titled Tuesday Blitz October 18 Late 2022"]
[White "Papp, Petra"]
[Black "Celestino, Rafael Teixeira"]
[WhiteFideId "739049"]
[BlackFideId "2108925"]
[WhiteElo "2259"]
[BlackElo "2355"]
[Result "0-1"]
[Round "08"]
[TimeControl "180+1"]
[Date "2022.10.19"]
[WhiteClock "0:00:10"]
[BlackClock "0:00:14"]

1. Nf3 Nf6 2. b3 d5 3. Bb2 c5 4. e3 Nc6 5. Bb5 Bg4 6. h3 Bxf3 7. Qxf3 Rc8 8. O-O a6 9. Be2 e5 10. d4 e4 11. Qg3 cxd4 12. exd4 Nb4 13. Nc3 Nxc2 14. Rad1 Qd6 15. f4 Qb6 16. Kh2 Bb4 17. Qxg7 Rg8 18. Nxd5 Rxg7 19. Nxb6 Rc6 20. Nc4 b5 21. d5 Rc8 22. Bxf6 Rg6 23. Be5 bxc4 24. Bxc4 Ne3 25. d6 Nxf1+ 26. Bxf1 Rd8 27. Bxa6 Bxd6 28. Bb5+ Ke7 29. Re1 Bxe5 30. Rxe4 Rd5 31. Bc4 Rd2 32. Rxe5+ Kd6 33. Ra5 Rdxg2+ 34. Kh1 Rg1+ 35. Kh2 R6g2# 0-1


[Site "https://www.chess.com"]

[Event "Titled Tuesday Blitz October 18 Late 2022"]
[White "Paravyan, David"]
[Black "Hambleton, Aman"]
[WhiteFideId "4194985"]
[BlackFideId "2606577"]
[WhiteElo "2555"]
[BlackElo "2538"]
[Result "1-0"]
[Round "08"]
[TimeControl "180+1"]
[Date "2022.10.18"]
[WhiteClock "0:01:06"]
[BlackClock "0:00:03"]

1. e4 c5 2. Nf3 e6 3. d4 cxd4 4. Nxd4 Nc6 5. Nc3 Qc7 6. Nxc6 bxc6 7. Bd3 d5 8. Qe2 Nf6 9. exd5 cxd5 10. Nb5 Qb8 11. g3 Bd6 12. Nxd6+ Qxd6 13. Bf4 Qe7 14. O-O-O O-O 15. h4 Bb7 16. h5 h6 17. g4 Ne4 18. Bxe4 dxe4 19. g5 e5 20. Be3 hxg5 21. h6 f6 22. hxg7 Kxg7 23. Bc5 Qf7 24. Bxf8+ Rxf8 25. Qg4 e3 26. Rd7 Bxh1 27. Rxf7+ Rxf7 28. fxe3 e4 29. c4 Bf3 30. Qg3 Kg6 31. c5 f5 32. c6 f4 33. exf4 g4 34. Kd2 Rf5 35. c7 Rd5+ 36. Kc3 Rc5+ 37. Kd4 Rc2 38. f5+ Kxf5 39. Qe5+ Kg6 40. Qe6+ Kg5 41. c8=Q Rxc8 42. Qxc8 g3 43. Ke3 g2 44. Kf2 Kf4 45. Qc7+ Kf5 46. Qxa7 Kf4 47. Qe3+ Kg4 48. a4 Kh3 49. a5 Kh2 50. Qh6+ Bh5 51. Qxh5# 1-0


[Site "https://www.chess.com"]

[Event "Titled Tuesday Blitz October 18 Late 2022"]
[White "Pavlidou, Ekaterini"]
[Black "Alexikov, Alexander"]
[WhiteFideId "4213262"]
[BlackFideId "14103958"]
[WhiteElo "2125"]
[BlackElo "2222"]
[Result "1-0"]
[Round "08"]
[TimeControl "180+1"]
[Date "2022.10.19"]
[WhiteClock "0:00:49"]
[BlackClock "0:00:03"]

1. d4 Nf6 2. c4 g6 3. Nc3 Bg7 4. e4 d6 5. Bd3 O-O 6. Nge2 c5 7. d5 e6 8. h3 Nbd7 9. O-O Ne5 10. f4 Nxd3 11. Qxd3 exd5 12. cxd5 Re8 13. g4 b5 14. Ng3 b4 15. Nd1 a5 16. Re1 Ba6 17. Qf3 Nxd5 18. Nf2 Nb6 19. Be3 Nc4 20. Rad1 Nxb2 21. e5 Nxd1 22. Rxd1 Qb8 23. Rxd6 Bb7 24. Nfe4 f6 25. Rd7 fxe5 26. Rxb7 Qd8 27. fxe5 Rf8 28. Nf6+ Bxf6 29. exf6 Rxf6 30. Qe2 Qe8 31. Qc4+ Qe6 32. Qxe6+ Rxe6 33. Bxc5 Rc8 34. Bd4 Rc2 35. g5 Re1+ 36. Nf1 Rcc1 37. Rb8+ Kf7 38. Rb7+ Ke6 39. Rb6+ Kd5 40. Bb2 Rxf1+ 41. Kg2 Rb1 42. Bf6 Ke4 43. Re6+ Kf5 44. Ra6 Kf4 45. Bd8 Rfd1 46. Bc7+ Kxg5 47. Rxa5+ Kf6 48. Rb5 Rd2+ 49. Kf3 Rxa2 50. h4 b3 51. Rb6+ Ke7 52. Bd6+ Kd7 53. Be5 Rc2 54. Ke4 b2 55. Rb7+ 1-0


[Site "https://www.chess.com"]

[Event "Titled Tuesday Blitz October 18 Late 2022"]
[White "Petrova, Irina"]
[Black "Jimenez Almeida, Luis David"]
[WhiteFideId "14124122"]
[BlackFideId "22242244"]
[WhiteElo "2023"]
[BlackElo "2158"]
[Result "0-1"]
[Round "08"]
[TimeControl "180+1"]
[Date "2022.10.19"]
[WhiteClock "0:00:01"]
[BlackClock "0:00:06"]

1. e4 g6 2. d4 Bg7 3. Nc3 d6 4. Be3 Nd7 5. Qd2 a6 6. h4 b5 7. h5 Bb7 8. hxg6 hxg6 9. Rxh8 Bxh8 10. f3 c5 11. O-O-O Qa5 12. Kb1 b4 13. Nce2 Ngf6 14. dxc5 Nxc5 15. Nf4 Bxe4 16. fxe4 Nfxe4 17. Qd5 Rc8 18. Bxc5 Nxc5 19. Bc4 e6 20. Qxd6 Qc7 21. Qxc7 Rxc7 22. Bb3 a5 23. Nd3 Ne4 24. Nf3 Ke7 25. Re1 f5 26. Nfe5 Kf6 27. Ng4+ Kg5 28. Nge5 Ra7 29. Bxe6 a4 30. Bf7 Bxe5 31. Nxe5 Kf6 32. Nc6 Rc7 33. Bd5 Nc5 34. Bf3 b3 35. cxb3 axb3 36. axb3 Nxb3 37. Rd1 Kg5 38. Nd4 Nc5 39. b4 Kh4 40. bxc5 Rxc5 41. Nc2 g5 42. Rh1+ Kg3 43. Nd4 g4 44. Bxg4 fxg4 45. Rg1 Kf2 46. Rd1 Kxg2 47. Rd2+ Kf1 48. Ne6 Rb5+ 49. Kc2 g3 50. Nf4 Rf5 0-1


[Site "https://www.chess.com"]

[Event "Titled Tuesday Blitz October 18 Late 2022"]
[White "Pham, Khoi"]
[Black "Torres Boch, Jose Francisco"]
[WhiteFideId "1054988"]
[BlackFideId "2278383"]
[WhiteElo "2458"]
[BlackElo "2073"]
[Result "1-0"]
[Round "08"]
[TimeControl "180+1"]
[Date "2022.10.19"]
[WhiteClock "0:00:49"]
[BlackClock "0:00:07"]

1. d4 Nf6 2. c4 e6 3. Nc3 Bb4 4. Qc2 d5 5. a3 Bxc3+ 6. Qxc3 O-O 7. Nf3 dxc4 8. Qxc4 b6 9. g3 Ba6 10. Qc2 Nbd7 11. Bg2 c5 12. O-O Rc8 13. Qd1 Qe7 14. Bf4 Rfd8 15. Rc1 cxd4 16. Qxd4 Bxe2 17. Rfe1 Nc5 18. Qe3 Ba6 19. Ne5 Nd5 20. Bxd5 exd5 21. b4 Ne4 22. Nc6 Rxc6 23. Rxc6 Bb7 24. Rc7 Rd7 25. Rxb7 Rxb7 26. f3 f5 27. fxe4 fxe4 28. Qd4 Rd7 29. Rc1 h6 30. Rc6 Kh7 31. h4 Qf7 32. Qe3 Qf5 33. Bxh6 d4 34. Qf4 Qd5 35. b5 d3 36. Bxg7 Rxg7 37. Qh6+ Kg8 38. Rc8+ Kf7 39. Rc7+ Ke8 40. Qxg7 Qc5+ 41. Rxc5 bxc5 42. Qe5+ 1-0


[Site "https://www.chess.com"]

[Event "Titled Tuesday Blitz October 18 Late 2022"]
[White "Poliakova, Varvara"]
[Black "Czernek, Tymon"]
[WhiteFideId "13518313"]
[BlackFideId "1199510"]
[WhiteElo "1938"]
[BlackElo "2240"]
[Result "0-1"]
[Round "08"]
[TimeControl "180+1"]
[Date "2022.10.18"]
[WhiteClock "0:00:11"]
[BlackClock "0:00:12"]

1. e4 c5 2. Nf3 d6 3. d4 cxd4 4. Nxd4 Nf6 5. Nc3 a6 6. h3 e5 7. Nde2 Be7 8. g4 b5 9. a3 Bb7 10. Bg2 O-O 11. Ng3 Nbd7 12. Be3 Rc8 13. Nf5 Nc5 14. Nd5 Nxd5 15. exd5 Re8 16. O-O Bf8 17. Qd2 Qd7 18. Rae1 g6 19. Ng3 Bg7 20. c3 f5 21. gxf5 gxf5 22. f4 e4 23. Nh5 Nd3 24. Re2 Bxd5 25. Nxg7 Qxg7 26. Kh2 Kf7 27. Rg1 Qh6 28. Bh1 Rg8 29. Reg2 Rg6 30. Rg5 Be6 31. Bg2 Rcg8 32. Bf1 Rxg5 33. fxg5 Qh4 34. Bxd3 f4 35. Bf1 fxe3 36. Qxe3 Ke7 37. Qa7+ Bd7 38. Qe3 Rf8 39. Bg2 Rf3 40. Re1 Rxe3 41. Rxe3 Qf4+ 42. Rg3 e3 43. Bf3 Bc6 44. Kg2 e2 0-1


[Site "https://www.chess.com"]

[Event "Titled Tuesday Blitz October 18 Late 2022"]
[White "Pranav, V"]
[Black "Gorodetzky, David"]
[WhiteFideId "25060783"]
[BlackFideId "2813416"]
[WhiteElo "2430"]
[BlackElo "2487"]
[Result "0-1"]
[Round "08"]
[TimeControl "180+1"]
[Date "2022.10.18"]
[WhiteClock "0:00:04"]
[BlackClock "0:00:03"]

1. e4 c6 2. d4 d5 3. e5 c5 4. dxc5 e6 5. Be3 Nd7 6. Bb5 Ne7 7. Nf3 Nc6 8. Bxc6 bxc6 9. b4 a5 10. c3 Ba6 11. a3 Qc7 12. Nbd2 Nxe5 13. Nxe5 Qxe5 14. Qc2 Be7 15. Nf3 Qh5 16. Nd4 Rc8 17. h3 O-O 18. Bf4 Rfe8 19. g4 Qg6 20. Qxg6 hxg6 21. Nb3 a4 22. Nd2 e5 23. Bg3 f5 24. O-O-O f4 25. Bh2 g5 26. c4 Bf6 27. cxd5 cxd5 28. Nb1 d4 29. f3 Be2 30. Nd2 Kf7 31. Rde1 Bd3 32. Ne4 Bxe4 33. Rxe4 Ke6 34. h4 Kd5 35. h5 Rh8 36. Bg1 g6 37. h6 Rc7 38. Kd2 Rch7 39. Re2 Rxh6 40. Rxh6 Rxh6 41. Rh2 Rxh2+ 42. Bxh2 Kc4 43. Bg1 Bd8 44. Bf2 Be7 45. Kc2 Bd8 46. Kd2 Kb3 47. Be1 Kxa3 48. Kc2 d3+ 49. Kc3 Ka2 50. b5 Ba5+ 51. Kxd3 Bxe1 52. b6 Ba5 53. Kc4 a3 54. Kb5 Kb3 55. c6 a2 56. c7 a1=Q 57. c8=Q Qa4+ 58. Ka6 Bc3+ 59. Kb7 Bd4 60. Qe6+ Qc4 61. Qxg6 Qd5+ 0-1


[Site "https://www.chess.com"]

[Event "Titled Tuesday Blitz October 18 Late 2022"]
[White "Rangel, Daniel"]
[Black "Goryachkina, Aleksandra"]
[WhiteFideId "2124475"]
[BlackFideId "4147103"]
[WhiteElo "2225"]
[BlackElo "2484"]
[Result "1/2-1/2"]
[Round "08"]
[TimeControl "180+1"]
[Date "2022.10.18"]
[WhiteClock "0:00:12"]
[BlackClock "0:00:10"]

1. c4 Nf6 2. g3 e6 3. Bg2 d5 4. Nf3 dxc4 5. O-O c5 6. Na3 Be7 7. Nxc4 O-O 8. d3 Nc6 9. b3 Bd7 10. Bb2 Rc8 11. d4 cxd4 12. Nxd4 a6 13. Rc1 Nd5 14. Nxc6 Bxc6 15. Ne5 Bb5 16. Bxd5 Qxd5 17. Qxd5 exd5 18. Nd3 Bg5 19. f4 Be7 20. Rxc8 Rxc8 21. Rc1 Rxc1+ 22. Bxc1 f6 23. Be3 Kf7 24. Bd4 Ke6 25. Kf2 Kf5 26. Kf3 h5 27. h3 Ke6 28. g4 hxg4+ 29. hxg4 Bxd3 30. exd3 g6 31. Ke3 Ba3 32. Kd2 f5 33. g5 Kd6 34. Kc3 Kc6 35. Be5 a5 36. d4 Kb5 37. Bb8 a4 38. Be5 Bb4+ 39. Kc2 Be7 40. Kc3 Bb4+ 41. Kc2 Be1 42. Bd6 Bf2 43. Kc3 Be1+ 44. Kc2 1/2-1/2


[Site "https://www.chess.com"]

[Event "Titled Tuesday Blitz October 18 Late 2022"]
[White "Rego, Pedro Filipe"]
[Black "Chan, Kim Yew"]
[WhiteFideId "1904310"]
[BlackFideId "5717981"]
[WhiteElo "2200"]
[BlackElo "2206"]
[Result "0-1"]
[Round "08"]
[TimeControl "180+1"]
[Date "2022.10.19"]
[WhiteClock "0:00:09"]
[BlackClock "0:00:08"]

1. c4 c5 2. Nc3 g6 3. g3 Bg7 4. Bg2 Nc6 5. Nf3 e6 6. O-O Nge7 7. d4 cxd4 8. Nb5 d5 9. cxd5 Nxd5 10. Nfxd4 Nxd4 11. Nxd4 O-O 12. Nb3 Qe7 13. h4 Rd8 14. Bg5 f6 15. Bd2 e5 16. Ba5 Nb6 17. Qc2 Bf5 18. Qc5 Qf7 19. Bxb6 axb6 20. Qxb6 Be6 21. Nc5 Bd5 22. Rfd1 Bf8 23. Nxb7 Bxb7 24. Bxb7 Rxd1+ 25. Rxd1 Rb8 26. Bd5 Rxb6 27. Bxf7+ Kxf7 28. b3 Ra6 29. a4 Rb6 30. Rd7+ Ke6 31. Rxh7 Rxb3 32. Rh8 Kf7 33. Rh7+ Bg7 34. h5 gxh5 35. Rxh5 Rb4 36. Rf5 Rxa4 37. f4 Ke6 38. g4 Rxf4 39. Rxf4 exf4 40. Kg2 Ke5 41. Kf3 Bh6 42. Kf2 Ke4 0-1


[Site "https://www.chess.com"]

[Event "Titled Tuesday Blitz October 18 Late 2022"]
[White "Roque Sola, Jose Luis"]
[Black "Drost, Peter"]
[WhiteFideId "5120390"]
[BlackFideId "1017896"]
[WhiteElo "2117"]
[BlackElo "2374"]
[Result "0-1"]
[Round "08"]
[TimeControl "180+1"]
[Date "2022.10.19"]
[WhiteClock "0:00:12"]
[BlackClock "0:00:12"]

1. c4 Nf6 2. Nc3 g6 3. Nf3 Bg7 4. g3 O-O 5. Bg2 c6 6. O-O d5 7. d4 dxc4 8. e4 b5 9. Ne5 a5 10. Be3 Ba6 11. Qc2 Qc8 12. Rad1 Nbd7 13. Nxd7 Nxd7 14. e5 Nb6 15. Qe4 b4 16. Ne2 c3 17. Rfe1 Nd5 18. bxc3 Bxe2 19. Rxe2 Nxc3 20. Qd3 Rd8 21. Rc2 Nxd1 22. Qxd1 Bxe5 23. Rxc6 Qd7 24. Qc2 Bxd4 25. Rc7 Qd6 26. Bxd4 Qxd4 27. Bxa8 Rxa8 28. Rc8+ Rxc8 29. Qxc8+ Kg7 30. Qc7 Qd1+ 31. Kg2 Qd5+ 32. Kg1 Qxa2 33. Qxe7 Qa1+ 34. Kg2 Qc3 35. Qd8 b3 36. Qb6 b2 37. Qb5 a4 0-1


[Site "https://www.chess.com"]

[Event "Titled Tuesday Blitz October 18 Late 2022"]
[White "Rose, Felix"]
[Black "Roque Sola, Gisela"]
[WhiteFideId "5105722"]
[BlackFideId "5120241"]
[WhiteElo "2039"]
[BlackElo "1961"]
[Result "1-0"]
[Round "08"]
[TimeControl "180+1"]
[Date "2022.10.19"]
[WhiteClock "0:00:10"]
[BlackClock "0:00:09"]

1. e4 c5 2. Nf3 Nc6 3. d4 cxd4 4. Nxd4 Nf6 5. Nc3 e5 6. Ndb5 d6 7. Bg5 a6 8. Na3 b5 9. Nd5 Be7 10. Bxf6 Bxf6 11. c3 Bg5 12. Nc2 Ne7 13. Ncb4 Be6 14. a4 bxa4 15. Qxa4+ Bd7 16. Qa5 Nxd5 17. Nxd5 O-O 18. b4 Be6 19. Nc7 Rc8 20. Nxe6 fxe6 21. Qxd8 Bf6 22. Qxd6 Rxc3 23. Qxe6+ Kh8 24. Bxa6 Rd8 25. O-O 1-0


[Site "https://www.chess.com"]

[Event "Titled Tuesday Blitz October 18 Late 2022"]
[White "Rosenberg, Evan S"]
[Black "Lima, Endson Dos Santos"]
[WhiteFideId "2019299"]
[BlackFideId "2133199"]
[WhiteElo "2355"]
[BlackElo "1953"]
[Result "1-0"]
[Round "08"]
[TimeControl "180+1"]
[Date "2022.10.19"]
[WhiteClock "0:00:58"]
[BlackClock "0:01:37"]

1. d4 Nf6 2. Nf3 g6 3. Nc3 d5 4. Bf4 Bg7 5. Nb5 Na6 6. e3 c6 7. Nc3 Nc7 8. h3 O-O 9. Bd3 Bf5 10. Bxf5 gxf5 11. Ne5 Ne6 12. Qf3 Ne4 13. Nxe4 dxe4 14. Qg3 f6 15. Nc4 b5 16. Nd2 Nxf4 17. Qxf4 e5 18. Qxf5 exd4 19. O-O-O dxe3 20. Nxe4 Qb6 21. fxe3 Rae8 22. Rd4 Re5 23. Qd7 f5 24. Ng5 Rxe3 25. Rhd1 Bxd4 26. Qxh7# 1-0


[Site "https://www.chess.com"]

[Event "Titled Tuesday Blitz October 18 Late 2022"]
[White "Sabar, Ethmane Daouda"]
[Black "Bettalli, Francesco"]
[WhiteFideId "19600097"]
[BlackFideId "2816453"]
[WhiteElo "1950"]
[BlackElo "2216"]
[Result "0-1"]
[Round "08"]
[TimeControl "180+1"]
[Date "2022.10.19"]
[WhiteClock "0:00:12"]
[BlackClock "0:01:45"]

1. b3 e5 2. Bb2 d6 3. e3 Nd7 4. d4 g6 5. dxe5 Bg7 6. Nf3 Nxe5 7. Nxe5 Bxe5 8. Bxe5 dxe5 9. Qxd8+ Kxd8 10. Bc4 Ke7 11. Nc3 c6 12. a4 f6 13. O-O-O a5 14. Rd2 Nh6 15. f3 Rd8 16. Rxd8 Kxd8 17. Rd1+ Ke7 18. Kd2 Nf5 19. Ke2 Nd6 20. Bd3 Be6 21. e4 Rd8 22. Ke3 b6 23. g3 Nf7 24. f4 Rd4 25. Ne2 Rd7 26. c4 Bg4 27. Bc2 Rxd1 28. Bxd1 Bxe2 29. Bxe2 Nd8 30. Bd1 Ne6 31. Bg4 Nd4 32. Bd1 Kd6 33. Kd3 Kc5 34. Kc3 b5 35. cxb5 cxb5 36. h3 Ne6 37. fxe5 fxe5 38. h4 h6 39. Bg4 Nd4 40. Bd1 g5 41. hxg5 hxg5 42. g4 Ne6 43. Bf3 Nf4 44. Bd1 Nh3 45. Bf3 Nf2 46. axb5 Kxb5 47. Be2+ Kc5 48. Bf3 Nh3 49. Bg2 Nf4 50. Bf3 Ne6 51. Be2 Nd4 52. Bd1 Nb5+ 53. Kb2 Kb4 54. Be2 Nd4 55. Bd1 Ne6 56. Bf3 Nc5 57. Bd1 Nxe4 58. Bf3 Nf6 59. Kc2 e4 60. Be2 Nd5 61. Ba6 Ne3+ 62. Kb2 Nxg4 63. Be2 Ne5 64. Kc2 g4 65. Bf1 g3 66. Bg2 Nf3 67. Kb2 Ne1 68. Bxe4 g2 69. Bxg2 Nxg2 70. Kc2 Nf4 71. Kb2 Nd3+ 72. Ka2 Nc5 73. Ka1 Nxb3+ 74. Ka2 Nc5 75. Ka1 a4 76. Ka2 a3 77. Ka1 Kb3 78. Kb1 Na6 79. Ka1 Nb4 80. Kb1 a2+ 81. Ka1 Nc2# 0-1


[Site "https://www.chess.com"]

[Event "Titled Tuesday Blitz October 18 Late 2022"]
[White "Sadhwani, Raunak"]
[Black "Nakamura, Hikaru"]
[WhiteFideId "35093487"]
[BlackFideId "2016192"]
[WhiteElo "2656"]
[BlackElo "2909"]
[Result "0-1"]
[Round "08"]
[TimeControl "180+1"]
[Date "2022.10.18"]
[WhiteClock "0:00:09"]
[BlackClock "0:00:24"]

1. e4 g5 2. d4 h6 3. h4 g4 4. Nc3 d6 5. Be3 Bg7 6. Qd2 c6 7. O-O-O b5 8. f3 h5 9. Kb1 Qa5 10. a3 Nd7 11. Nge2 Nb6 12. Nc1 Nc4 13. Bxc4 bxc4 14. Rhf1 Rb8 15. Ka1 Qb6 16. b3 Qa6 17. Ka2 Nf6 18. Qe2 cxb3+ 19. cxb3 Qb6 20. Qd2 Qa5 21. Rfe1 Nd7 22. N3e2 Qxd2+ 23. Rxd2 Bf6 24. Bg5 Rg8 25. f4 Bg7 26. f5 c5 27. e5 dxe5 28. dxe5 Bxe5 29. Nf4 f6 30. Ng6 Rxg6 31. fxg6 fxg5 32. Rf2 Rb6 33. Rxe5 Nxe5 34. g7 Be6 35. Rf8+ Kd7 36. hxg5 h4 37. g8=Q Bxg8 38. Rxg8 Rd6 39. Kb2 h3 40. gxh3 g3 41. Kc3 g2 42. Ne2 Rd3+ 43. Kc2 Re3 44. Ng1 Re1 0-1


[Site "https://www.chess.com"]

[Event "Titled Tuesday Blitz October 18 Late 2022"]
[White "Sailer, Mike"]
[Black "Rodriguez Santiago, Jaime"]
[WhiteFideId "2012901"]
[BlackFideId "3100898"]
[WhiteElo "2109"]
[BlackElo "2025"]
[Result "1-0"]
[Round "08"]
[TimeControl "180+1"]
[Date "2022.10.19"]
[WhiteClock "0:00:13"]
[BlackClock "0:00:25"]

1. d4 d5 2. Bf4 c5 3. dxc5 Qa5+ 4. Nc3 Qxc5 5. Qxd5 Qb6 6. O-O-O Bd7 7. Bxb8 Nf6 8. Qe5 Ng4 9. Qc7 Qxc7 10. Bxc7 Nxf2 11. Nf3 Nxh1 12. Ne5 Bc6 13. Nxc6 bxc6 14. g3 Nf2 15. Rd2 Rc8 16. Bf4 e6 17. h3 Be7 18. Bg2 O-O 19. Be3 Nxh3 20. Bxh3 Rfd8 21. Bxa7 Rxd2 22. Kxd2 Bg5+ 23. Ke1 Bc1 24. b3 Bb2 25. Na4 Be5 26. g4 g6 27. Bg2 f5 28. gxf5 exf5 29. Bc5 Kf7 30. Nb6 Rc7 31. a4 h5 32. Nc4 Bc3+ 33. Kf1 g5 34. a5 h4 35. a6 g4 36. a7 Rc8 37. Nd6+ Kg6 38. Nxc8 h3 39. a8=Q hxg2+ 40. Kxg2 Bf6 41. Qxc6 Kg5 42. Be7 Bxe7 43. Nxe7 Kh4 44. Qh6# 1-0


[Site "https://www.chess.com"]